cohdb
Replays
Latest Replays
All Replays
Popular Replays
Top Player Replays
Match Explorer
How It Works
Community
CoH3 Stats
Reddit
Sign in to upload your games and track your stats! →
Sign in with Steam
Match 25290260
Unlisted
Match 25290260
Overview
Messages
Build Orders
End
Construct Barracks
Riflemen Squad
M1 Mortar Team
Riflemen Squad
Engineer Squad
Construct Medical Station
Infantry Support Center
M1918 Browning Automatic Rifles
Grenade Package
Engineer Squad
Construct Motor Pool
Riflemen Squad
M1 Anti-tank Gun Team
Munitions Surplus
Eber
Eliasga89
Dalej
๖ۣۜF1re
Bartolomeus
Arkho
0
0
Comments
sign in to comment!
No comments posted yet!